 Dungeon Crawl Stone Soup version 0.19-a0-1260-gc94d3f7 (console) character file.

19 flowsnake the Shooter (level 2, 0/24 HPs)
             Began as a Centaur Hunter on Aug 28, 2016.
             Slain by a kobold (3 damage)
             ... on level 1 of the Dungeon.
             The game lasted 00:02:57 (526 turns).

flowsnake the Shooter (Centaur Hunter)               Turns: 526, Time: 00:02:57

Health: 0/24       AC:  4    Str: 14    XL:     2   Next: 55%
Magic:  2/2        EV:  9    Int: 10    God:
Gold:   17         SH:  0    Dex:  9    Spells: 0 memorised, 1 level left

rFire  . . .     SeeInvis .     e - -2 whip (curse)
rCold  . . .     Gourm    .     c - +0 leather armour
rNeg   . . .     Faith    .     (no shield)
rPois  .         Spirit   .     (no helmet)
rElec  .         Dismiss  .     (no cloak)
rCorr  .         Reflect  .     (no gloves)
MR     .....     Harm     .     (no barding)
Stlth  +.........               (no amulet)
                                (no ring)
                                (no ring)

@: very quick
A: hooves 3, deformed body, speed 2, tough skin 3
a: no special abilities


You were on level 1 of the Dungeon.
You were not hungry.

You visited 1 branch of the dungeon, and saw 1 of its levels.

You collected 17 gold pieces.

Inventory:

Hand Weapons
 a - a +1 shortbow
 b - a +0 short sword
 e - a cursed -2 whip (weapon)
Missiles
 d - 38 arrows
 i - 40 stones (quivered)
Armour
 c - a +0 leather armour (worn)
Potions
 j - a potion of invisibility {unknown}
Comestibles
 f - a bread ration
 g - 6 chunks of flesh
 h - a meat ration


   Skills:
 + Level 2.1 Fighting
 + Level 6.0 Bows
 + Level 1.6 Dodging
 - Level 0.5 Stealth


You had one spell level left.
You didn't know any spells.

Dungeon Overview and Level Annotations

Branches:
Dungeon (1/15)

Altars:


Innate Abilities, Weirdness & Mutations

You have hooves in place of feet.
Armour fits poorly on your strangely shaped body.
You cover ground very quickly.
You have extremely tough skin. (AC +3)


Message History

You hit the giant cockroach but do no damage.
Your kick misses the giant cockroach.
The giant cockroach is heavily wounded.
The kobold completely misses you. The goblin hits you with a dagger.
The giant cockroach barely misses you.
You hit the giant cockroach but do no damage.
You kick the giant cockroach.
You kill the giant cockroach!
The kobold hits you.
* * * LOW HITPOINT WARNING * * *
The goblin closely misses you.
You see here a giant cockroach corpse.
You closely miss the kobold. Your kick misses the kobold.
The kobold hits you but does no damage.
You barely miss the kobold. You kick the kobold, but do no damage.
The kobold hits you.
* * * LOW HITPOINT WARNING * * *
You barely miss the kobold. The kobold hits you.
* * * LOW HITPOINT WARNING * * *
You hit the kobold. Your kick misses the kobold.
The kobold is heavily wounded.
The kobold hits you.
You die...

█·███·█·······██·█ █·············██·█
█·███·█·······██·█ ███ █·█
█····†····██·█ ·· ··█
█·█████·█······█·███████████ █·█ █·████
██··█ █······█·············· █·█
█·██·██████··███ █████····█████████████
█·█ █·██···········███████··████ █
█·███·██·····██·██·†···········█ █
█·██···█·····██·██████████··██·█ █
█·█·███·█···███·█ █··██·█ █
█··█████·█·██ █·█ █··██·█████████ █
█gg█···█·█·█ █·███████ █··██·········█ █
██K█···█·█·████·····>·████··██████████·█
█ ██c····██······███·····██··█ █·█ █
██·······)····███·····██··█ █·█ █
██·████████··············█ ██·█ █ ·█
██████·····███·█ █··█ █ █ █·····█ █·█
█·██ █ ██·····███·█ █·█ █ ███·······██·█
█·███ █············█ █···█
█████·█··███··██·█ ███·█ ██······>·█
█·███·█ █·█ █···█·····███·····█ █·█
█···········███·█ █·█
····█··█████·████·█ █·█ ██· █··█
█·██···█ █·█ ██···█··█████·██·█·█ █·█


You could see a hobgoblin, a goblin and a kobold.

Vanquished Creatures
  4 giant cockroaches (D:1)
  3 goblins (D:1)
  3 hobgoblins (D:1)
  3 bats (D:1)
  A giant newt (D:1)
  2 kobolds (D:1)
  2 rats (D:1)
18 creatures vanquished.

Notes
Turn   | Place    | Note
-------+----------+-------------------------------------------
     0 | D:1      | flowsnake the Centaur Hunter began the quest for the Orb.
     0 | D:1      | Reached XP level 1. HP: 17/17 MP: 1/1
   107 | D:1      | Reached XP level 2. HP: 16/24 MP: 2/2
   397 | D:1      | Reached skill level 6 in Bows
   526 | D:1      | Slain by a kobold

Vault maps used:
D:1:      dpeg_arrival_more_subterranean_lakeside_camping,
          minmay_shallow_snake_nest

Skill      XL: |  1  2 |
---------------+-------+-----
Bows           | 6 |  6.0
Fighting       | |  2.1
Dodging        | |  1.6
Stealth        | |  0.5

Action                   || total
-------------------------++-------
Melee: Short sword       ||    48
       Kick              ||    11
       Whip              ||    16
 Fire: Shortbow          ||     2
  Use: Scroll            ||     1
Armor: Leather armour    ||    50
Dodge: Dodged            ||    52
